 Dungeon Crawl Stone Soup version 0.29.1-1-gd02db6906a (webtiles) character file.

Game seed: 14369255031901193111

4 Icepheonix32 the Caller (level 1, -1/13 HPs)
             Began as a Merfolk Summoner on Oct 6, 2022.
             Slain by a kobold
             ... wielding a +0 whip
              (4 damage)
             ... on level 1 of the Dungeon.
             The game lasted 00:00:51 (207 turns).

Icepheonix32 the Caller (Merfolk Summoner)           Turns: 207, Time: 00:00:52

Health: -1/13      AC:  2    Str:  8    XL:     1   Next: 70%
Magic:  0/3        EV: 12    Int: 14    God:
Gold:   6          SH:  0    Dex: 14    Spells: 3/4 levels left

rFire   . . .      SeeInvis .   (no weapon)
rCold   . . .      Faith    .   (no shield)
rNeg    . . .      Spirit   .   a - +0 robe
rPois   .          Reflect  .   (no helmet)
rElec   .          Harm     .   (no cloak)
rCorr   .          Rampage  .   (no gloves)
Will    .....                   (no boots)
Stlth   ++........              (no amulet)
HPRegen 0.04/turn               (no ring)
MPRegen 0.08/turn               (no ring)

@: no status effects
A: (nimble swimmer 2), mertail
a: no special abilities


You were on level 1 of the Dungeon.
You visited 1 branch of the dungeon, and saw 1 of its levels.

You collected 6 gold pieces.

Inventory:

Armour
 a - a +0 robe (worn)
Scrolls
 c - a scroll of blinking {unknown}
Potions
 b - a potion of magic


   Skills:
 + Level 2.7 Dodging
 + Level 2.3 Stealth
 + Level 2.0 Spellcasting
 + Level 4.1 Summonings


You had 3 spell levels left.
You knew the following spells:

 Your Spells              Type           Power      Damage    Failure   Level
a - Summon Small Mammal   Summ           52%        N/A       4%          1

Your spell library contained the following spells:

 Spells                   Type           Power      Damage    Failure   Level
 Call Imp                 Summ           13%        N/A       6%          2
 Call Canine Familiar     Summ           13%        N/A       13%         3
 Summon Guardian Golem    Hex/Summ       7%         N/A       30%         3
 Summon Lightning Spire   Summ/Air       7%         N/A       69%         4


Dungeon Overview and Level Annotations

Branches:
Dungeon (1/15)

Altars:


Innate Abilities, Weirdness & Mutations

((You are very nimble when in or above water. (Stealth+, EV+, Speed+++)))
Your lower body shifts to a powerful aquatic tail in water.


Message History

Your rat dies!
Your rat's corpse disappears in a puff of smoke!
Casting: Summon Small Mammal (safe; 4% risk of failure)
Confirm with . or Enter, or press ? or * to list all spells.
The kobold hits your rat with a +0 dagger.
Your rat dies!
Your rat's corpse disappears in a puff of smoke!
Casting: Summon Small Mammal (safe; 4% risk of failure)
Confirm with . or Enter, or press ? or * to list all spells.
The kobold hits your rat with a +0 dagger.
Your rat dies!
Your rat's corpse disappears in a puff of smoke!
Casting: Summon Small Mammal (safe; 4% risk of failure)
Confirm with . or Enter, or press ? or * to list all spells.
The kobold hits your bat with a +0 dagger.
Your bat hits the kobold.
Your bat hits the kobold but does no damage.
Okay, then.
Your bat misses the kobold.
Your bat hits the kobold but does no damage.
Your bat closely misses the kobold.
The kobold closely misses your bat.
Your bat barely misses the kobold.
Your bat hits the kobold.
The kobold hits your bat with a +0 dagger.
Your bat hits the kobold.
Your bat hits the kobold but does no damage. x2
The kobold closely misses your bat.
Your bat completely misses the kobold.
The kobold hits your bat with a +0 dagger.
Your bat dies!
Your bat's corpse disappears in a puff of smoke!
Casting: Summon Small Mammal (safe; 4% risk of failure)
Confirm with . or Enter, or press ? or * to list all spells.
Your rat bites the kobold.
The kobold dies!
Your rat barely misses the kobold.
The kobold shouts!
Your rat barely misses the kobold.
The kobold attacks as you move away! The kobold hits you with a +0 whip.
You die...

#.......#####..KK
#########.#....÷K.§
#..§K.....#§##
#.########...#
#.##.........#
#.##.#.#...#.#
#.##.# #K..#.#
#.##.#.....#.#
#)##@#..#.....
#.rK.......###
####.......#
#########


You could see a kobold (ally target) and a friendly rat (summoned).

Vanquished Creatures
  2 bats (D:1)
2 creatures vanquished.

Vanquished Creatures (collateral kills)
  An endoplasm (D:1)
  A kobold (D:1)
  A frilled lizard (D:1)
3 creatures vanquished.

Vanquished Creatures (others)
  10 plants (D:1)
10 creatures vanquished.

Grand Total: 15 creatures vanquished

Notes
Turn   | Place    | Note
-------+----------+-------------------------------------------
     0 | D:1      | Icepheonix32 the Merfolk Summoner began the quest for the
                  | Orb.
     0 | D:1      | Reached XP level 1. HP: 13/13 MP: 3/3
   207 | D:1      | Slain by a kobold

Illustrated notes

Levels and vault maps discovered:
D:1:      dpeg_arrival_shrine, layout_basic, lexackson_kobold_supper

Action                   || total
-------------------------++-------
Melee: Unarmed           ||    27
 Cast: Summon Small Mamm ||     8
 Stab: Sleeping          ||     2
Armor: Robe              ||    21
Dodge: Dodged            ||    28
